 Dungeon Crawl Stone Soup version 0.27-a0-67-g4bfc8a49e1 (webtiles) character file.

Game seed: 11416064506467770194

116 Borgoz the Ruffian (level 5, 0/44 HPs)
             Began as a Ghoul Gladiator on Jan 9, 2021.
             Slain by an iron imp (8 damage)
             ... summoned by Eustachio
             ... on level 4 of the Dungeon.
             The game lasted 00:03:09 (2891 turns).

Borgoz the Ruffian (Ghoul Gladiator)                Turns: 2891, Time: 00:03:10

Health: 0/44       AC:  4    Str: 17 (18) XL:     5   Next: 0%
Magic:  4/4        EV: 12    Int:  3 (4)  God:
Gold:   248        SH:  0    Dex:  8 (10) Spells: 1/4 levels left

rFire    . . .     SeeInvis .     - Unarmed
rCold    + . .     Faith    .   (no shield)
rNeg     + + +     Spirit   .   a - +0 leather armour
rPois    ∞         Reflect  .   b - +0 helmet
rElec    .         Harm     .   (no cloak)
rCorr    .         Rampage  .   (no gloves)
Will     .....                  (no boots)
Stlth    +.........             (no amulet)
HPRegen  0.00/turn              (no ring)
MPRegen  0.09/turn              (no ring)

@: no status effects
A: claws 1, cold resistance 1, negative energy resistance 3, inhibited
regeneration, torment resistance, unbreathing
a: no special abilities


You were on level 4 of the Dungeon.
You visited 1 branch of the dungeon, and saw 4 of its levels.

You collected 248 gold pieces.

Inventory:

Missiles
 c - 2 throwing nets (quivered)
Armour
 a - a +0 leather armour (worn)
 b - a +0 helmet (worn)
Scrolls
 e - a scroll of enchant armour {unknown}
 f - 2 scrolls of fog {unknown}
 g - a scroll of noise {unknown}
 j - 2 scrolls of teleportation {unknown}
 k - a scroll of amnesia {unknown}
 l - a scroll of fear {unknown}
 o - a scroll of remove curse {unknown}
Potions
 d - a potion of brilliance {unknown}
 h - 2 potions of degeneration
 i - a potion of invisibility {unknown}
 m - a potion of resistance
 q - a potion of curing


   Skills:
 + Level 2.8 Fighting
 - Level 1.7 Throwing
 + Level 1.2 Armour
 * Level 3.6 Dodging
 * Level 4.4 Unarmed Combat
 + Level 0.1 Spellcasting
 + Level 0.1 Hexes


You had one spell level left.
You knew the following spells:

 Your Spells              Type           Power        Failure   Level
a - Confusing Touch       Hex            0%           91%         3

Your spell library contained the following spells:

 Spells                   Type           Power        Failure   Level
 Corona                   Hex            0%           56%         1
 Ensorcelled Hibernation  Hex/Ice        0%           71%         2
 Dazzling Flash           Conj/Hex       0%           91%         3
 Tukima's Dance           Hex            0%           91%         3


Dungeon Overview and Level Annotations

Branches:
Dungeon (4/15)
 Temple: D:4-7

Altars:

Annotations:
D:4 Eustachio


Innate Abilities, Weirdness & Mutations

You thrive by killing the living.
You are immune to poison.
You have sharp fingernails.
Your flesh is cold resistant. (rC+)
You are immune to negative energy. (rN+++)
You do not regenerate when monsters are visible.
You are immune to unholy pain and torment.
You can survive without breathing.


Message History

The iron imp hits you!
* * * LOW HITPOINT WARNING * * *
Throw: 3 throwing nets
Press: ? - help, Q - select action Shift-Dir - straight line, f - Eustachio
Aim: Eustachio, wielding a +0 falchion and wearing a +0 leather armour (lightly wounded)
You throw a throwing net.
The throwing net closely misses Eustachio.
Eustachio casts a spell.
Eustachio blinks!
The iron imp hits you.
* * * LOW HITPOINT WARNING * * *
Okay, then.
It was a potion of degeneration.
There was something very wrong with that liquid.
You feel weakened.
You feel dopey.
You feel clumsy. Eustachio barely misses you.
It was a potion of lignification.
You feel woody for a moment. Eustachio closely misses you.
The iron imp barely misses you.
It was a potion of cancellation.
You feel magically purged. Eustachio hits you but does no damage.
The iron imp hits you!
You die...

#.# .#
#.###########
#.# .# #.# #.#
.# #.# #.# .#
#.#
#.####.#####.#
#.....#..!...#
######.# ...
#5####.#
#(@@...#
#####..# #


You could see Eustachio and an iron imp (summoned).

Vanquished Creatures
  2 worker ants
  An ooze (D:1)
  3 worms (D:2)
  3 dart slugs
  2 leopard geckos
  3 orcs (D:2)
  A ball python (D:1)
  2 giant cockroaches
  3 hobgoblins
  A quokka (D:2)
  6 bats
  4 frilled lizards
  6 goblins
  7 kobolds
  2 rats (D:2)
46 creatures vanquished.

Notes
Turn   | Place    | Note
-------+----------+-------------------------------------------
     0 | D:1      | Borgoz the Ghoul Gladiator began the quest for the Orb.
     0 | D:1      | Reached XP level 1. HP: 17/17 MP: 0/0
   258 | D:1      | Reached XP level 2. HP: 12/24 MP: 1/1
  1124 | D:2      | Reached XP level 3. HP: 30/30 MP: 2/2
  1575 | D:2      | Reached skill level 1 in Armour
  1599 | D:2      | Reached skill level 4 in Unarmed Combat
  1599 | D:2      | Reached XP level 4. HP: 37/37 MP: 3/3
  2602 | D:3      | Learned a level 3 spell: Confusing Touch
  2825 | D:4      | Reached XP level 5. HP: 39/44 MP: 4/4
  2872 | D:4      | Noticed Eustachio
  2891 | D:4      | Slain by an iron imp

Illustrated notes

Levels and vault maps discovered:
D:1:      kennysheep_arrival_seaside, layout_rooms,
          chequers_serial_rivers_large_b
D:2:      minmay_chambers_of_twos, layout_basic, nicolae_overflow_hidden_temple
D:3:      layout_basic
D:4:      layout_loops_ring, uniq_eustachio

Skill      XL: |  1  2  3 |
---------------+----------+-----
Dodging        | 3 |  3.6
Armour         | 1 |  1.2
Unarmed Combat | 4 |  4.4
Fighting       | |  2.8
Throwing       | |  1.7
Spellcasting   | |  0.1
Hexes          | |  0.1

Action                   |  1- 3 |  4- 6 || total
-------------------------+-------+-------++-------
Melee: Unarmed           |    86 |    54 ||   140
       Punch             |     2 |       ||     2
Throw: Throwing net      |       |     1 ||     1
  Use: Scroll            |       |     2 ||     2
       Potion            |       |     4 ||     4
Armor: Leather armour    |    18 |    12 ||    30
Dodge: Dodged            |    62 |    25 ||    87

Table legend: (Time is in decaauts)
 A = Elapsed time spent in this place.
 B = Non-inter-level travel time spent in this place.
 C = Inter-level travel time spent in this place.
 D = Time resting spent in this place.
 E = Time spent auto-exploring this place.
 F = Levels seen in this place.
 G = Mean time per level.
                   A        B        C        D        E       F      G
               +--------+--------+--------+--------+--------+-----+--------+
         Total |   2907 |   2778 |    129 |    501 |   1945 |   4 |  726.8 |
       Dungeon |   2907 |   2778 |    129 |    501 |   1945 |   4 |  726.8 |
               +--------+--------+--------+--------+--------+-----+--------+

Top non-repeatable levels by time:
     D:2: 1732 daAuts
     D:1: 769 daAuts
     D:3: 309 daAuts
     D:4: 96 daAuts
